 Dungeon Crawl Stone Soup version 0.19-a0-1320-g0178847 (webtiles) character file.

179 Amnesiac the Ruffian (level 5, 0/53 HPs)
             Began as a Troll Berserker on Aug 31, 2016.
             Was a Follower of Trog.
             Slain by a gnoll
             ... wielding a cursed -2 spear
              (4 damage)
             ... on level 3 of the Dungeon.
             The game lasted 00:00:57 (266 turns).

Amnesiac the Ruffian (Troll Berserker)               Turns: 266, Time: 00:00:58

Health: 0/53       AC:  5    Str: 25    XL:     5   Next: 32%
Magic:  12/13      EV:  5    Int:  3    God:    Trog [*.....]
Gold:   40         SH:  0    Dex: 10    Spells: 0 memorised, 4 levels left

rFire  . . .     SeeInvis .       - Unarmed
rCold  . . .     Gourm    +     a - +0 animal skin
rNeg   . . .     Faith    .     (no shield)
rPois  .         Spirit   .     (helmet restricted)
rElec  .         Dismiss  .     (no cloak)
rCorr  .         Reflect  .     (gloves unavailable)
MR     .....     Harm     .     (boots unavailable)
Stlth  +.........               (no amulet)
                                (no ring)
                                g - ring of magical power

@: held
A: unfitting armour, claws 3, fast metabolism 3, gourmand, regeneration 1,
shaggy fur 1, tough skin 2
a: Berserk, Burn Spellbooks, Renounce Religion


You were on level 3 of the Dungeon.
You worshipped Trog.
Trog was aware of your devotion.
You were not hungry.

You visited 1 branch of the dungeon, and saw 3 of its levels.

You collected 40 gold pieces.

Inventory:

Armour
 a - a +0 animal skin (worn)
Jewellery
 g - a ring of magical power (left claw)
Scrolls
 c - 2 scrolls of immolation {unknown}
 d - a scroll of identify {unknown}
 f - a scroll of recharging {unknown}
Potions
 e - a potion of lignification {unknown}
Comestibles
 b - 2 bread rations


   Skills:
 + Level 3.2 Fighting
 + Level 3.3 Dodging
 * Level 4.8 Unarmed Combat


You had 4 spell levels left.
You didn't know any spells.

Dungeon Overview and Level Annotations

Branches:
Dungeon (3/15)

Altars:


Innate Abilities, Weirdness & Mutations

You are too large for most types of armour.
You have claws for hands.
Your metabolism is lightning-fast.
You like to eat raw meat.
Your natural rate of healing is unusually fast.
You are covered in fur. (AC +1)
You have very tough skin. (AC +2)


Message History

The goblin wields a hunting sling.
The goblin shoots a stone.
The stone hits you. The orc hits you but does no damage.
There is a stone staircase leading up here.
Things that are here:
a stone; a throwing net You struggle against the net.
The gnoll hits you with a flail.
The gnoll hits you from afar with a spear.
The gnoll hits you with a whip. The orc barely misses you.
You struggle against the net.
The gnoll hits you with a flail! The orc hits you with a short sword.
The gnoll hits you but does no damage. x2
The gnoll hits you with a whip.
* * * LOW HITPOINT WARNING * * *
You struggle against the net.
The goblin shoots a stone.
The stone hits you but does no damage. The gnoll hits you with a flail.
* * * LOW HITPOINT WARNING * * *
The gnoll barely misses you. The orc hits you with a short sword.
* * * LOW HITPOINT WARNING * * *
The gnoll barely misses you.
The gnoll hits you from afar with a spear.
You die...

########+#####g#
.............g
.......o...#
......gg@..#
.......gg..#
.............>.
..........#####
..........#
..######+## .


You could see 4 gnolls, an orc and 2 goblins.

Vanquished Creatures
  Sigmund (D:2)
  A worm (D:2)
  2 dart slugs (D:1)
  A ball python (D:2)
  A goblin (D:1)
  2 hobgoblins (D:1)
  A quokka (D:2)
  3 bats
  2 giant newts
  A rat (D:1)
15 creatures vanquished.

Notes
Turn   | Place    | Note
-------+----------+-------------------------------------------
     0 | D:1      | Amnesiac the Troll Berserker began the quest for the Orb.
     0 | D:1      | Reached XP level 1. HP: 22/22 MP: 0/0
    62 | D:1      | Reached XP level 2. HP: 27/29 MP: 1/1
   196 | D:2      | Noticed Sigmund
   205 | D:2      | Killed Sigmund
   205 | D:2      | Reached skill level 4 in Unarmed Combat
   205 | D:2      | Reached XP level 3. HP: 34/37 MP: 2/2
   205 | D:2      | Reached XP level 4. HP: 41/45 MP: 2/3
   205 | D:2      | Reached XP level 5. HP: 49/53 MP: 2/4
   266 | D:3      | Slain by a gnoll

Vault maps used:
D:1:      scummos_arrival_gate
D:2:      marbit_many_paths, serial_glass, glass_columns_a, glass_columns_c,
          ecumenical_altar_2, uniq_jessica, uniq_sigmund
D:3:      corexii_shack_village, lemuel_zombie_altar_yredelemnul, uniq_robin

Skill      XL: |  1  2 |
---------------+-------+-----
Fighting       | 3 |  3.2
Dodging        | 3 |  3.3
Unarmed Combat | 4 |  4.8

Action                   |  1- 3 |  4- 6 || total
-------------------------+-------+-------++-------
Melee: Unarmed           |    27 |     5 ||    32
Invok: Berserk           |     1 |       ||     1
 Stab: Sleeping          |     1 |       ||     1
  Eat: Chunk             |     1 |     2 ||     3
Armor: Animal skin       |     8 |     8 ||    16
Dodge: Dodged            |    12 |    10 ||    22
